 Dungeon Crawl Stone Soup version 0.21-a0-85-ga0cb861 (webtiles) character file.

35942 XxPooperXx the Grappler (level 13, -14/135 HPs)
             Began as a Troll Monk on June 25, 2017.
             Was the Champion of Wu Jian.
             Demolished by a spriggan rider
             ... wielding a +0 spear
              (27 damage)
             ... on level 1 of the Swamp.
             The game lasted 00:46:47 (13718 turns).

XxPooperXx the Grappler (Troll Monk)               Turns: 13718, Time: 00:46:47

Health: -14/135    AC:  5    Str: 24    XL:     13   Next: 50%
Magic:  0/12       EV: 20    Int:  6    God:    Wu Jian [******]
Gold:   899        SH:  0    Dex: 16    Spells: 12/12 levels left

rFire    + . .     SeeInvis .     - Unarmed
rCold    + . .     Gourm    +   (no shield)
rNeg     . . .     Faith    .   u - +0 robe {rF+}
rPois    .         Spirit   +   j - +0 hat
rElec    .         Reflect  .   y - scarf {repulsion}
rCorr    .         Harm     .   (gloves unavailable)
MR       .....     Rnd*Tele +   (boots unavailable)
Stlth    ++........             Q - amulet of guardian spirit
HPRegen  0.72/turn              C - +5 ring of slaying
MPRegen  0.13/turn              S - ring of protection from cold

@: repel missiles
A: unfitting armour, claws 3, repulsion field 1, fast metabolism 3, gourmand,
regeneration 1, shaggy fur 1, strong 1, teleportitis 1, tough skin 2
a: Serpent's Lash, Heavenly Storm, Renounce Religion


You were on level 1 of the Swamp.
You worshipped Wu Jian.
Wu Jian was exalted by your worship.
You were very full.

You visited 3 branches of the dungeon, and saw 18 of its levels.
You also visited: Volcano.

You collected 1217 gold pieces.
You spent 318 gold pieces at shops.

Inventory:

Missiles
 e - 5 tomahawks (quivered)
 o - 48 poisoned needles
 w - 2 javelins
 M - 3 needles of sleeping
 W - 6 large rocks
Armour
 j - a +0 hat (worn)
 u - a +0 robe of fire resistance (worn)
 y - a scarf of repulsion (worn)
 G - a +1 robe of magic resistance
Jewellery
 C - a +5 ring of slaying (left claw)
 K - an uncursed ring of protection from magic
 P - an uncursed ring of resist corrosion
 Q - an amulet of guardian spirit (around neck)
 S - a ring of protection from cold (right claw)
Wands
 a - a wand of polymorph (15/24)
 k - a wand of disintegration (18/24)
 q - a wand of iceblast (5/15)
 B - a wand of iceblast (1/15)
 N - a wand of confusion (31/48)
Scrolls
 c - 4 scrolls of magic mapping
 m - 2 scrolls of recharging
 n - 5 scrolls of remove curse
 p - 2 scrolls of enchant armour {unknown}
 r - 6 scrolls of teleportation
 t - a scroll of summoning
 v - 2 scrolls of amnesia
 x - a scroll of fear
 F - a scroll of immolation {unknown}
 J - a scroll of noise {unknown}
 L - a scroll of torment {unknown}
 V - 5 scrolls of identify
Potions
 d - 3 potions of berserk rage
 f - 7 potions of curing
 g - a potion of might
 h - a potion of haste
 i - 2 potions of heal wounds
 A - 2 potions of lignification
 E - 2 potions of flight
 H - 2 potions of ambrosia
 I - a potion of invisibility {unknown}
 R - a potion of cancellation {unknown}
Miscellaneous
 s - a box of beasts
Comestibles
 b - 10 bread rations
 l - 17 royal jellies
 z - 23 fruits
 D - 6 meat rations


   Skills:
 + Level 10.5 Fighting
 * Level 11.9 Dodging
 - Level 1.1 Stealth
 + Level 14.4 Unarmed Combat


You had 12 spell levels left.
You didn't know any spells.

Dungeon Overview and Level Annotations

Branches:
Dungeon (11/15)            Temple (0/1) D:7            Lair (6/6) D:11
  Swamp (1/4) Lair:2        Slime (0/5) Lair:5          Orc (0/2) D:11
  Snake: Lair:2-4    Spider: Lair:2-4

Altars:
Cheibriados
Dithmenos
Gozag
Hepliaklqana
Nemelex Xobeh
Ru
Sif Muna
Trog
Wu Jian
Zin
Jiyva

Shops:
D:11 *

Annotations:
Lair:2 exclusions: hydra, oklob plant and 1 more exclusion
Lair:3 Snorg
Lair:6 exclusions: hydra and 3 more exclusions


Innate Abilities, Weirdness & Mutations

You are too large for most types of armour.
You have claws for hands.
Your metabolism is lightning-fast.
You like to eat raw meat.
Your natural rate of healing is unusually fast.
You are covered in fur. (AC +1)
You have very tough skin. (AC +2)
You are surrounded by a mild repulsion field. (EV +2)
Your muscles are strong. (Str +2)
You are occasionally teleported next to monsters.


Message History

The spriggan rider resists with some effort.
* * * LOW HITPOINT WARNING * * *
You feel very sick. The spriggan rider closely misses you.
The tyrant leech is engulfed in poison gas.
The tyrant leech looks even sicker.
The tyrant leech bites you!
* * * LOW HITPOINT WARNING * * *
The tyrant leech draws strength from your injuries!
You feel much better.
* * * LOW HITPOINT WARNING * * *
You feel very sick.
The spriggan rider hits you from afar with a spear!!
* * * LOW HITPOINT WARNING * * *
The tyrant leech is engulfed in poison gas.
The tyrant leech looks as sick as possible!
The tyrant leech misses you.
Okay, then.
You feel better.
The spriggan rider hits you from afar with a spear!!
You die...

♣♣♣♣♣♣♣
♣♣♣♣♣♣♣♣♣....≈♣♣
♣♣......♣♣§≈≈≈≈.♣♣
♣...@w..♣.≈≈≈≈.≈<♣♣
♣♣≈......♣≈..†≈♣.≈♣
♣≈.≈.i≈.≈♣♣.≈.♣♣♣♣
♣..≈.≈≈†≈...≈.♣
♣.....§≈......♣
♣♣........≈.≈♣♣
♣......≈≈≈.♣♣
♣.≈≈..≈≈≈≈.♣
♣≈≈≈..≈≈≈≈.♣


You could see a tyrant leech and a spriggan rider.

Vanquished Creatures
  Gastronok (Lair:2)
  The ghost of skittles the Brawler, a journeyman TrMo of Nemelex Xobeh (Volcano)
  Erica (D:8)
  A dancing weapon (Volcano)
  A two-headed ogre (D:10)
  7 death yaks (Lair:6)
  A swamp dragon (Swamp:1)
  5 wizards (Volcano)
  A cyclops (D:11)
  5 toenail golems (Volcano)
  5 elephants
  4 black mambas
  10 spiny frogs
  7 rime drakes
  4 komodo dragons
  A troll (D:11)
  3 hornets (D:10)
  3 blink frogs (Lair:2)
  3 hippogriffs
  2 wraiths (D:11)
  2 wyverns
  Grum (D:9)
  A basilisk (Lair:2)
  13 yaks
  A steam dragon (D:11)
  8 insubstantial wisps (Swamp:1)
  Menkaure (D:6)
  A soldier ant (D:10)
  7 water moccasins
  6 porcupines
  6 orc warriors
  3 ice beasts
  2 black bears
  3 necrophages
  3 sky beasts
  6 wolves
  An ogre (D:7)
  10 crocodiles
  4 centaurs
  2 big kobolds (D:8)
  9 bullfrogs
  A gnoll sergeant (D:9)
  A wyvern zombie (D:10)
  2 scorpions
  5 killer bees (D:7)
  10 howler monkeys
  An electric eel (D:11)
  The ghost of tidbits the Insei, a weakling OpAE (D:3)
  5 crimson imps
  A centaur zombie (D:5)
  8 hounds
  2 jellies
  7 orc priests
  11 orc wizards
  An iguana (D:5)
  2 bullfrog skeletons
  10 worker ants
  A killer bee zombie (D:8)
  A hound skeleton (D:6)
  A worker ant zombie (D:9)
  8 gnolls
  6 adders
  4 shadow imps
  An ooze (D:3)
  2 worms
  2 dart slugs
  7 leopard geckos
  18 orcs
  6 bats
  2 giant cockroaches
  3 hobgoblins
  8 jackals
  4 quokkas
  2 ball pythons (D:3)
  6 frilled lizards
  5 goblins
  A jackal skeleton (D:5)
  18 kobolds
  2 rats
332 creatures vanquished.

Vanquished Creatures (others)
  10 fungi (Lair:6)
  3 plants (Lair:6)
13 creatures vanquished.

Grand Total: 345 creatures vanquished

Notes
Turn   | Place    | Note
-------+----------+-------------------------------------------
     0 | D:1      | XxPooperXx the Troll Monk began the quest for the Orb.
     0 | D:1      | Reached XP level 1. HP: 22/22 MP: 0/0
    60 | D:1      | Reached XP level 2. HP: 29/29 MP: 1/1
   370 | D:2      | Found a hazy altar of Hepliaklqana.
   408 | D:2      | Found a snail-covered altar of Cheibriados.
   678 | D:2      | Found a glowing silver altar of Zin.
   705 | D:2      | Reached XP level 3. HP: 36/36 MP: 2/2
   760 | D:2      | Found a shadowy altar of Dithmenos.
  1022 | D:2      | Found an ornate altar of the Wu Jian Council.
  1082 | D:2      | Became a worshipper of the Wu Jian Council
  1082 | D:2      | Reached * piety under Wu Jian
  1082 | D:2      | Reached ** piety under Wu Jian
  1279 | D:3      | Noticed tidbits's ghost (weakling OpAE)
  1317 | D:3      | Killed tidbits's ghost
  1317 | D:3      | Reached XP level 4. HP: 25/45 MP: 3/3
  1320 | D:3      | Reached skill level 4 in Unarmed Combat
  1326 | D:3      | Reached XP level 5. HP: 15/53 MP: 4/4
  1488 | D:3      | Found a sacrificial altar of Ru.
  2128 | D:4      | You fall through a shaft!
  2128 | D:5      | Entered Level 5 of the Dungeon
  2175 | D:5      | Reached *** piety under Wu Jian
  2180 | D:5      | Reached XP level 6. HP: 52/62 MP: 5/5
  2216 | D:5      | Reached skill level 5 in Unarmed Combat
  2574 | D:5      | Reached XP level 7. HP: 57/70 MP: 6/6
  2802 | D:5      | Reached skill level 6 in Unarmed Combat
  2943 | D:6      | Noticed Menkaure
  2946 | D:6      | Killed Menkaure
  2953 | D:6      | Found a deep blue altar of Sif Muna.
  3082 | D:6      | Reached XP level 8. HP: 63/79 MP: 7/7
  3162 | D:6      | Reached skill level 7 in Unarmed Combat
  3164 | D:6      | Reached skill level 5 in Fighting
  3464 | D:6      | Reached skill level 5 in Dodging
  3615 | D:7      | Found a staircase to the Ecumenical Temple.
  3676 | D:7      | Reached skill level 8 in Unarmed Combat
  3788 | D:7      | Reached **** piety under Wu Jian
  3806 | D:7      | Reached XP level 9. HP: 38/89 MP: 8/8
  3902 | D:7      | Found a deep blue altar of Sif Muna.
  4102 | D:7      | Found a sparkling altar of Nemelex Xobeh.
  4173 | D:7      | Found a sparkling altar of Nemelex Xobeh.
  4242 | D:7      | Reached skill level 9 in Unarmed Combat
  4462 | D:8      | Noticed Erica
  4488 | D:8      | Killed Erica
  4967 | D:8      | Found a bloodstained altar of Trog.
  5002 | D:8      | Reached skill level 10 in Unarmed Combat
  5464 | D:9      | Reached XP level 10. HP: 62/100 MP: 9/9
  5575 | D:9      | Reached ***** piety under Wu Jian
  5722 | D:9      | Noticed Grum
  5735 | D:9      | Killed Grum
  6082 | D:9      | Found an opulent altar of Gozag.
  6417 | D:10     | Entered Level 10 of the Dungeon
  6484 | D:10     | Reached skill level 11 in Unarmed Combat
  6833 | D:10     | Noticed a two-headed ogre
  6862 | D:10     | Killed a two-headed ogre
  7382 | D:11     | Found Ynerch's Assorted Antiques.
  7388 | D:11     | Bought an orange potion for 24 gold pieces
  7388 | D:11     | Bought a scroll labeled JAR SODGHUNOIVU for 27 gold pieces
  7388 | D:11     | Bought a glowing blue potion for 24 gold pieces
  7388 | D:11     | Bought a scroll labeled HOTAGR CESEUMPU for 27 gold pieces
  7388 | D:11     | Bought a bronze wand for 108 gold pieces
  7388 | D:11     | Bought a jewelled iron wand for 108 gold pieces
  7389 | D:11     | Gained mutation: You occasionally shout uncontrollably at your foes. [potion of mutation]
  7389 | D:11     | Gained mutation: You are partially covered in rugged brown scales. (AC +1, +3% HP) [potion of mutation]
  7389 | D:11     | Gained mutation: You are covered in thick fur. (AC +2) [potion of mutation]
  7390 | D:11     | Lost mutation: You occasionally shout uncontrollably at your foes. [potion of mutation]
  7390 | D:11     | Lost mutation: You are partially covered in rugged brown scales. (AC +1, +3% HP) [potion of mutation]
  7390 | D:11     | Lost mutation: You are covered in thick fur. (AC +2) [potion of mutation]
  7390 | D:11     | Gained mutation: You are occasionally teleported next to monsters. [potion of mutation]
  7390 | D:11     | Gained mutation: You are agile. (Dex +2) [potion of mutation]
  7406 | D:11     | Reached skill level 12 in Unarmed Combat
  7433 | D:11     | Found a staircase to the Orcish Mines.
  7459 | D:11     | Noticed a cyclops
  7464 | D:11     | Reached XP level 11. HP: 76/111 MP: 10/10
  7548 | D:11     | Noticed a tengu warrior
  7550 | D:11     | Noticed a tengu warrior
  7727 | D:11     | Found a staircase to the Lair.
  7949 | Lair:1   | Entered Level 1 of the Lair of Beasts
  8195 | Lair:1   | Identified the Reference Book on Damaging Boosts
  8882 | Lair:1   | You fall through a shaft!
  9137 | Lair:1   | Reached skill level 13 in Unarmed Combat
  9258 | Lair:2   | Noticed Gastronok
  9269 | Lair:2   | Killed Gastronok
  9269 | Lair:2   | Reached XP level 12. HP: 123/123 MP: 11/11
  9355 | Lair:2   | Noticed a four-headed hydra
  9498 | Lair:2   | Found a staircase to the Swamp.
  9882 | Lair:3   | Found a dark tunnel.
  9897 | Volcano  | Entered a volcano
  9898 | Volcano  | Noticed skittles's ghost (journeyman TrMo)
 10021 | Volcano  | Killed skittles's ghost
 10021 | Volcano  | Reached skill level 10 in Dodging
 10518 | Lair:3   | Noticed Snorg
 11947 | Lair:5   | Found a viscous altar of Jiyva.
 11947 | Lair:5   | Found a staircase to the Slime Pits.
 12401 | Lair:5   | Reached skill level 14 in Unarmed Combat
 12488 | Lair:6   | Entered Level 6 of the Lair of Beasts
 12663 | Lair:6   | Reached skill level 10 in Fighting
 12770 | Lair:6   | Reached XP level 13. HP: 97/133 MP: 9/12
 13615 | Swamp:1  | Entered Level 1 of the Swamp
 13635 | Swamp:1  | Reached ****** piety under Wu Jian
 13674 | Swamp:1  | Lost mutation: You are agile. (Dex +2) [potion of mutation]
 13674 | Swamp:1  | Lost mutation: You are occasionally teleported next to monsters. [potion of mutation]
 13674 | Swamp:1  | Gained mutation: You are occasionally teleported next to monsters. [potion of mutation]
 13674 | Swamp:1  | Gained mutation: Your muscles are strong. (Str +2) [potion of mutation]
 13674 | Swamp:1  | Gained mutation: You are surrounded by a mild repulsion field. (EV +2) [potion of mutation]
 13716 | Swamp:1  | HP: 6/135 [tyrant leech (10)]
 13717 | Swamp:1  | HP: 2/135 [spriggan rider/spear (17)]
 13718 | Swamp:1  | Demolished by a spriggan rider

Vault maps used:
D:1:      saegor_arrival_simple_b
D:2:      zin_statuary, marbit_many_paths, nicolae_overflow_crystal_walls,
          nicolae_overflow_hidden_temple, overflow_temple_1_default, first_bread
D:3:      nicolae_ru_great_annihilating_truth
D:4:      chequers_temple_overflow_minitemple, roderic_roman_lattice
D:6:      basic_altar, uniq_menkaure
D:7:      nemelex_xobeh_ov_fountains_minmay, led_sif_pool,
          minmay_temple_entry_statues_fountains, nemelex_spade_bored_becter
D:8:      overflow_temple_1_default, uniq_erica
D:9:      lemuel_round_altar, uniq_grum
D:10:     hangedman_pestilent_swarm
D:11:     erik_lair_island, david_orc_3, serial_shops, shop
Lair:1:   lemuel_fruit_fields
Lair:2:   swamp_mist_pool, spider_nest_entry_funnel_web, uniq_gastronok
Lair:3:   enter_volcano_1, uniq_snorg
Lair:4:   serial_bayou_pond_d
Lair:5:   slime_altar_1
Lair:6:   evil_forest, minivault_24, infiniplex_staircase_pool
Swamp:1:  nicolae_swamp_dense_foliage, swamp_pool4, infiniplex_staircase_pool_2
Volcano:  volcano_bunker

Skill      XL: |  1  2  3  4  5  6  7  8  9 10 11 12 |
---------------+-------------------------------------+-----
Fighting       | 3 4 5 6 7 9 10 | 10.5
Dodging        | 3 4 5 6 7 9 11 | 11.9
Unarmed Combat | 4 5 6 8 10 12 13 14 | 14.4
Stealth        | |  1.1

Action                   |  1- 3 |  4- 6 |  7- 9 | 10-12 | 13-15 || total
-------------------------+-------+-------+-------+-------+-------++-------
Melee: Unarmed           |    66 |   108 |   271 |   493 |   130 ||  1068
       Punch             |       |     3 |     6 |    37 |    14 ||    60
Throw: Tomahawk          |       |     3 |       |    16 |       ||    19
       Large rock        |       |       |       |     6 |       ||     6
Invok: Serpent's Lash    |       |       |       |     1 |       ||     1
Evoke: Wand              |       |       |       |     7 |       ||     7
  Use: Scroll            |     5 |       |       |     9 |     2 ||    16
       Potion            |     2 |       |     2 |     8 |     3 ||    15
 Stab: Sleeping          |     1 |       |     3 |     2 |       ||     6
       Paralysed         |       |     2 |       |       |       ||     2
       Distracted        |       |     1 |     2 |       |       ||     3
       Confused          |       |       |       |     1 |       ||     1
  Eat: Chunk             |     8 |    13 |    24 |    67 |     7 ||   119
       Meat ration       |       |       |     2 |       |       ||     2
Armor: Robe              |    28 |    15 |    46 |    44 |     7 ||   140
Dodge: Dodged            |    52 |    37 |   136 |   271 |    65 ||   561
       Deflected         |       |       |     5 |     4 |       ||     9
